 Dungeon Crawl Stone Soup version 0.30-a0-739-gea05faddec (webtiles) character file.

Game seed: 7185400095759442768

17671 voltaire321 the Protected (level 12, -3/77 HPs)
             Began as a Gargoyle Fighter on Feb 5, 2023.
             Was a Priest of Nemelex Xobeh.
             Slain by a six-headed hydra (6 damage)
             ... on level 2 of the Lair of Beasts.
             The game lasted 00:28:40 (10943 turns).

voltaire321 the Protected (Gargoyle Fighter)       Turns: 10943, Time: 00:28:40

Health: -3/77      AC: 30    Str: 31    XL:     12   Next: 50%
Magic:  16/16      EV: 12    Int:  9    God:    Nemelex Xobeh [***...]
Gold:   612        SH:  6    Dex:  9    Spells: 11/11 levels left

rFire   . . .      SeeInvis .    b - +3 demon whip (protect)
rCold   . . .      Faith    .    c - +0 buckler
rNeg    + . .      Spirit   .    S - +0 acid dragon scales
rPois   ∞          Reflect  .    (no helmet)
rElec   +          Harm     .    C - +2 cloak {rPois}
rCorr   +          Rampage  .    (no gloves)
Will    .....                    H - +1 pair of boots
Stlth   +                        G - amulet of regeneration
HPRegen 1.12/turn                t - ring of wizardry
MPRegen 0.15/turn                o - +6 ring of strength

@: about to teleport, under a protective aura
A: sickness immunity, AC +8, negative energy resistance 1, electricity
resistance, torment resistance 1, petrification resistance
a: Renounce Religion, Draw Escape, Draw Destruction, Draw Summoning, Triple Draw


You were on level 2 of the Lair of Beasts.
You worshipped Nemelex Xobeh.
Nemelex Xobeh was most pleased with you.
You visited 3 branches of the dungeon, and saw 13 of its levels.
You also visited: Sewer.

You collected 612 gold pieces.

Inventory:

Hand Weapons
 a - a +0 flail
 b - a +3 demon whip of protection (weapon)
Missiles
 g - 31 poisoned darts (quivered)
 i - 9 atropa-tipped darts
 J - a throwing net
Armour
 c - a +0 buckler (worn)
 k - the +3 hat of Pondering {ponderous, Will+ MP+10 Int+5}
   (You took it off Gastronok on level 10 of the Dungeon)

   Int:       It affects your intelligence (+5).
   MP:        It affects your magic capacity (+10).
   Will:      It increases your willpower.
 C - a +2 cloak of poison resistance (worn)
 H - a +1 pair of boots (worn)
 N - a +2 leather armour of fire resistance
 S - +0 acid dragon scales (worn)
Jewellery
 o - a +6 ring of strength (right hand)
 t - a ring of wizardry (left hand)
 y - a ring of ice
 G - an amulet of regeneration (around neck)
 I - a ring of wizardry
 L - an amulet of the acrobat
Wands
 f - a wand of paralysis (2)
 j - a wand of iceblast (11)
 F - a wand of mindburst (7)
 O - a wand of flame (11)
 P - a wand of digging (1)
Scrolls
 e - 5 scrolls of teleportation
 l - 2 scrolls of blinking
 n - a scroll of amnesia
 q - a scroll of magic mapping
 s - a scroll of fear
 u - a scroll of fog
 M - 2 scrolls of poison
 Q - 2 scrolls of enchant armour
Potions
 d - 3 potions of might
 h - 7 potions of curing
 m - 4 potions of mutation
 p - 6 potions of heal wounds
 r - 2 potions of brilliance
 v - a potion of invisibility
 w - a potion of cancellation
 x - 2 potions of magic {unknown}
 z - 2 potions of haste
 A - a potion of lignification
 B - 3 potions of ambrosia
 E - 3 potions of flight
 R - a potion of berserk rage


   Skills:
 + Level 9.8 Fighting
 + Level 8.8 Maces & Flails
 + Level 5.4 Throwing
 + Level 9.8 Armour
 - Level 5.0 Dodging
 + Level 9.8 Shields
 + Level 6.1 Invocations
 + Level 4.3 Evocations


You had 11 spell levels left.
You didn't know any spells.
Your spell library contained the following spells:

 Spells                   Type           Power      Damage    Failure   Level
 Freeze                   Ice            0%         1d3       22%         1
 Summon Small Mammal      Summ           0%         N/A       22%         1
 Blink                    Tloc           0%         N/A       32%         2
 Lesser Beckoning         Tloc           0%         N/A       32%         2
 Momentum Strike          Conj/Tloc      0%         3d8       32%         2
 Call Canine Familiar     Summ           0%         N/A       52%         3
 Frozen Ramparts          Ice            0%         1d1       52%         3
 Hailstorm                Conj/Ice       0%         3d3       52%         3
 Summon Guardian Golem    Hex/Summ       0%         N/A       52%         3
 Vhi's Electric Charge    Tloc/Air       0%         N/A       52%         3
 Passage of Golubria      Tloc           0%         N/A       89%         4
 Arcjolt                  Conj/Air       0%         1d10      99%         5
 Silence                  Hex/Air        0%         N/A       99%         5
 Lehudib's Crystal Spear  Conj/Erth      0%         10d2      100%        8
 Maxwell's Capacitive Co  Air            0%         ∞         100%        8


Dungeon Overview and Level Annotations

Branches:
Dungeon (10/15)            Temple (1/1) D:7            Lair (2/5) D:10
  Snake (0/4) Lair:2          Orc (0/2) D:10          Sewer (visited)
  Swamp: Lair:2-3    Shoals: Lair:2-3

Altars:
Ashenzari
Cheibriados
Dithmenos
Elyvilon
Fedhas
Gozag
Hepliaklqana
Kikubaaqudgha
Makhleb
Nemelex Xobeh
Okawaru
Qazlal
Ru
Sif Muna
Trog
Uskayaw
Vehumet
Wu Jian
Xom
Yredelemnul
Zin
The Shining One


Innate Abilities, Weirdness & Mutations

You are immune to sickness and miasma.
Your stone body is resilient. (AC +8)
You are immune to poison.
You resist negative energy. (rN+)
You are resistant to electric shocks. (rElec)
You are resistant to unholy torment.
You are immune to petrification.


Message History

You are yanked forward by the harpoon shot.
You block the six-headed hydra's attack.
The six-headed hydra bites you but does no damage.
The six-headed hydra barely misses you.
The six-headed hydra bites you but does no damage. x3
The swamp worm bites you.
You hit the six-headed hydra.
The six-headed hydra is lightly wounded.
The six-headed hydra bites you but does no damage.
You block the six-headed hydra's attack.
The six-headed hydra bites you but does no damage.
The six-headed hydra closely misses you.
The six-headed hydra bites you but does no damage. x2
You hit the six-headed hydra.
The six-headed hydra is lightly wounded.
The swamp worm bites you!
The seven-headed hydra bites you but does no damage.
The seven-headed hydra bites you. x2; The seven-headed hydra bites you!
The seven-headed hydra bites you.
* * * LOW HITPOINT WARNING * * *
The seven-headed hydra bites you but does no damage. x2
You block the six-headed hydra's attack.
The six-headed hydra bites you but does no damage. x4
The six-headed hydra misses you.
As you read the scroll of teleportation, it crumbles to dust.
You feel strangely unstable.
The swamp worm bites you but does no damage.
The seven-headed hydra bites you but does no damage.
The seven-headed hydra bites you.
* * * LOW HITPOINT WARNING * * *
The seven-headed hydra barely misses you. x2
The seven-headed hydra bites you!
* * * LOW HITPOINT WARNING * * *
The seven-headed hydra bites you but does no damage. x2
The six-headed hydra bites you but does no damage.
The six-headed hydra bites you!
* * * LOW HITPOINT WARNING * * *
The six-headed hydra bites you.
You die...
Your body glows slightly and disappears.

..####♣♣♣♣ ..<†...♣.♣♣♣♣
~♣§§♣..♣ ..##.#...≈♣.♣♣
§§§..§ #####....~~..♣♣
..§§§ ♣ ###...♣~~≈...♣
.≈§§♣ §♣ ##.....♣~~~§§.♣
♣§§§♣§§♣
.#.#P..♣~~≈~♣§♣♣♣§§§§§♣
.......♣~≈≈≈♣§§§♣w§§..♣
.....#.♣≈≈~≈♣§§§@D~~.♣
.....P.♣≈≈≈♣♣♣♣♣.D~♣♣♣##
.......♣♣♣♣♣.♣♣♣♣♣♣♣...#
..........♣...♣.♣ ##..##
......##.##.....# #...##
....#.##.......#####..P#
##.P##.....#......)#...#
##.##.P....†#..#...#..##
#.....P..>.....##.....#


You could see a seven-headed hydra, a six-headed hydra and a swamp worm.

Vanquished Creatures
  Gastronok (D:10)
  A catoblepas (Lair:1)
  A centaur warrior (D:9)
  A tengu warrior (D:10)
  Joseph (D:7)
  2 cane toads
  Maggie (D:10)
  2 komodo dragons
  Grinder (D:6)
  A troll (D:10)
  5 blink frogs (Lair:1)
  A hornet (D:9)
  A wraith (D:9)
  3 wyverns
  A shadow (D:5)
  A vampire (D:10)
  40 yaks
  Grum (D:10)
  2 basilisks
  2 nagas (Lair:2)
  4 water moccasins
  2 black bears
  3 orc warriors
  2 wolves (D:10)
  A centaur (D:5)
  2 phantoms
  A kobold brigand (D:4)
  6 bullfrogs
  A necrophage (D:6)
  A scorpion (D:4)
  13 wights
  11 killer bees
  5 hounds
  5 jellies
  A gnoll bouda (D:6)
  8 orc priests
  Natasha (thrice) (D:2)
  7 iguanas
  Terence (D:3)
  13 orc wizards
  4 gnolls (D:6)
  2 river rats (Sewer)
  9 adders
  A shadow imp (D:7)
  3 worms (D:3)
  3 dart slugs (D:1)
  45 orcs
  5 ball pythons
  24 endoplasms
  6 giant cockroaches
  7 goblins
  3 hobgoblins
  8 jackals
  6 kobolds
  8 quokkas
  4 bats
  7 frilled lizards
  8 rats
312 creatures vanquished.

Vanquished Creatures (others)
  5 fungi
  10 plants
15 creatures vanquished.

Grand Total: 327 creatures vanquished

Notes
Turn   | Place    | Note
-------+----------+-------------------------------------------
     0 | D:1      | voltaire321 the Gargoyle Fighter began the quest for the
                  | Orb.
     0 | D:1      | Reached XP level 1. HP: 14/14 MP: 1/1
   201 | D:1      | Reached XP level 2. HP: 19/19 MP: 2/2
   340 | D:1      | Reached XP level 3. HP: 14/23 MP: 3/3
   961 | D:2      | Reached skill level 1 in Dodging
   961 | D:2      | Reached XP level 4. HP: 17/29 MP: 4/4
  1017 | D:2      | Found a hazy altar of Hepliaklqana.
  1095 | D:2      | Noticed Natasha
  1117 | D:2      | Killed Natasha
  1378 | D:2      | Noticed Natasha
  1391 | D:2      | Killed Natasha
  1392 | D:2      | Reached XP level 5. HP: 17/33 MP: 3/5
  1482 | D:2      | Noticed Natasha
  1495 | D:2      | Killed Natasha
  1518 | D:2      | Found a faded altar of an unknown god.
  1526 | D:2      | Noticed a great orb of eyes
  1537 | D:2      | Noticed a golden eye
  1537 | D:2      | Noticed a shining eye
  1537 | D:2      | Noticed a floating eye
  1850 | D:3      | Found an iron altar of Okawaru.
  1935 | D:3      | Found a glowing drain.
  1964 | Sewer    | Entered a sewer
  2201 | Sewer    | Reached XP level 6. HP: 22/38 MP: 2/6
  2442 | Sewer    | Found a viscous altar of Jiyva.
  2681 | D:3      | Noticed Terence
  2691 | D:3      | Killed Terence
  3125 | D:4      | Identified the amulet "Nisse" {Spirit *Slow rElec Int+5
                  | SInv}
  3257 | D:4      | Reached XP level 7. HP: 29/44 MP: 3/7
  3554 | D:4      | Reached skill level 5 in Shields
  3569 | D:4      | Reached skill level 5 in Armour
  3616 | D:4      | Reached skill level 5 in Fighting
  4010 | D:5      | Entered Level 5 of the Dungeon
  4272 | D:5      | Reached XP level 8. HP: 21/50 MP: 6/8
  4429 | D:5      | Noticed a +0 short sword
  4429 | D:5      | Noticed a +0 dagger
  4429 | D:5      | Noticed a +0 short sword
  4430 | D:5      | Noticed a +0 falchion
  4431 | D:5      | Noticed a +0 spear
  4431 | D:5      | Noticed a +0 dagger
  4433 | D:5      | Noticed a +0 falchion
  4441 | D:5      | Noticed a +0 spear
  4444 | D:5      | Found a hide-covered altar of Uskayaw.
  4590 | D:5      | Noticed a shadow
  4647 | D:5      | Killed a shadow
  4714 | D:5      | Found a basalt altar of Yredelemnul.
  5017 | D:6      | Noticed Grinder
  5048 | D:6      | Identified a scroll of acquirement
  5048 | D:6      | Acquired a +2 demon whip of freezing
  5337 | D:6      | Noticed a yak
  5337 | D:6      | Noticed a yak
  5337 | D:6      | Noticed a yak
  5337 | D:6      | Noticed a yak
  5339 | D:6      | Noticed a yak
  5339 | D:6      | Noticed a yak
  5345 | D:6      | Killed a yak
  5346 | D:6      | Reached skill level 5 in Maces & Flails
  5355 | D:6      | Killed a yak
  5366 | D:6      | Killed a yak
  5371 | D:6      | Killed a yak
  5372 | D:6      | Reached XP level 9. HP: 48/56 MP: 9/9
  5447 | D:6      | Paralysed by Grinder for 2 turns
  5454 | D:6      | Killed Grinder
  6153 | D:7      | Noticed Joseph
  6165 | D:7      | Killed Joseph
  6166 | D:7      | Reached skill level 1 in Throwing
  6166 | D:7      | Reached XP level 10. HP: 54/63 MP: 10/10
  6293 | D:7      | Reached skill level 5 in Dodging
  6639 | D:7      | Found a staircase to the Ecumenical Temple.
  6649 | Temple   | Entered the Ecumenical Temple
  6649 | Temple   | Found a transporter.
  6649 | Temple   | Found a transporter.
  6651 | Temple   | Found a transporter.
  6651 | Temple   | Found a transporter.
  6688 | Temple   | Became a worshipper of Nemelex Xobeh the Trickster
  7084 | D:8      | Reached skill level 1 in Invocations
  8068 | D:9      | Reached * piety under Nemelex Xobeh
  8127 | D:9      | Reached skill level 1 in Evocations
  8260 | D:9      | Noticed a centaur warrior
  8268 | D:9      | Killed a centaur warrior
  8269 | D:9      | Reached XP level 11. HP: 69/69 MP: 13/13
  8779 | D:10     | Entered Level 10 of the Dungeon
  8785 | D:10     | Found a staircase to the Orcish Mines.
  8802 | D:10     | Received a gift from Nemelex Xobeh
  8803 | D:10     | Noticed a tengu warrior
  8840 | D:10     | Killed a tengu warrior
  8908 | D:10     | Noticed Grum
  8934 | D:10     | Killed Grum
  9090 | D:10     | Found a staircase to the Lair.
  9284 | D:10     | Noticed Gastronok
  9303 | D:10     | Killed Gastronok
  9479 | D:10     | Reached ** piety under Nemelex Xobeh
  9511 | D:10     | Found a snail-covered altar of Cheibriados.
  9512 | D:10     | Found a blossoming altar of Fedhas.
  9512 | D:10     | Found a glowing silver altar of Zin.
  9513 | D:10     | Noticed Maggie
  9525 | D:10     | Killed Maggie
  9526 | D:10     | Reached skill level 5 in Invocations
  9542 | D:10     | Found a burning altar of Makhleb.
  9732 | Lair:1   | Entered Level 1 of the Lair of Beasts
  9833 | Lair:1   | Reached XP level 12. HP: 76/76 MP: 15/15
  9868 | Lair:1   | Received a gift from Nemelex Xobeh
  9936 | Lair:1   | Reached skill level 5 in Throwing
 10152 | Lair:1   | Received a gift from Nemelex Xobeh
 10301 | Lair:1   | Noticed a catoblepas
 10329 | Lair:1   | Killed a catoblepas
 10677 | Lair:2   | Reached *** piety under Nemelex Xobeh
 10795 | Lair:2   | Found a staircase to the Snake Pit.
 10824 | Lair:2   | Identified the +5 rapier "Ufe Doh" {spect, Str+3}
 10935 | Lair:2   | Noticed a seven-headed hydra
 10935 | Lair:2   | Noticed a six-headed hydra
 10943 | Lair:2   | HP: 3/77 [six-headed hydra (11)]
 10943 | Lair:2   | Slain by a six-headed hydra

Illustrated notes

Levels and vault maps discovered:
D:1:      dpeg_arrival_line_fractal, layout_loops_ring
D:2:      layout_loops_ring, hellmonk_ecumenical_altar_watching_god,
          basic_altar, kennysheep_generic_room_14, uniq_natasha
D:3:      layout_basic, kennysheep_okawaru_gauntlet, portal_sewer_entry_a,
          uniq_terence
D:4:      cheibrodos_barr_body, layout_basic
D:5:      minmay_chambers_of_fours, layout_cave_pools,
          mainiacjoe_overflow_concentric_impassable, nicolae_uskayaw_en_pointe,
          nicolae_concentric_dashed_squares_wild, minmay_misc_feat_more_columns
D:6:      layout_basic, uniq_grinder
D:7:      layout_loops_cross, minmay_temple_entry_butterflies,
          mrwooster_statue_mirror, chequers_hall_statues_wall_a, hex_medium,
          minmay_hedge_maze, uniq_joseph
D:8:      layout_loops_corners
D:9:      layout_basic
D:10:     layout_long_grid, grunt_temple_overflow_cloverleaf,
          david_lair_shrubbed, nicolae_sextant, kennysheep_generic_room_13,
          uniq_gastronok, uniq_grum, uniq_maggie
Temple:   hellmonk_temple_divided_pantheon
Lair:1:   layout_loops_ring, grunt_megastairs_2
Lair:2:   layout_loops_ring, palyth_hydra_swamp_entry,
          guppyfry_snake_entry_garden

Skill      XL: |  1  2  3  4  5  6  7  8  9 10 11 12 |
---------------+-------------------------------------+-----
Dodging        | 1 2 3 4 5 |  5.0
Armour         | 4 5 6 7 8 9 |  9.8
Fighting       | 4 5 6 7 8 9 |  9.8
Shields        | 4 5 6 7 8 9 |  9.8
Maces & Flails | 3 4 5 6 7 8 |  8.8
Throwing       | 1 3 4 5 |  5.4
Invocations    | 3 5 6 |  6.1
Evocations     | 1 3 4 |  4.3

Action                     |  1- 3 |  4- 6 |  7- 9 | 10-12 || total
---------------------------+-------+-------+-------+-------++-------
  Melee: Flail             |    99 |   225 |   233 |       ||   557
         Demon whip        |       |       |   153 |   619 ||   772
  Throw: Dart              |       |    13 |    10 |     7 ||    30
    Use: Scroll            |       |     1 |    16 |    11 ||    28
         Potion            |       |     1 |       |     2 ||     3
 Armour: Scale mail        |    46 |    95 |       |       ||   141
         Chain mail        |       |     9 |   210 |   209 ||   428
         Acid dragon scale |       |       |       |    86 ||    86
  Dodge: Dodged            |    50 |   120 |   135 |   184 ||   489
  Block: Buckler           |    20 |    71 |    75 |   114 ||   280

Table legend: (Time is in decaauts)
 A = Elapsed time spent in this place.
 B = Non-inter-level travel time spent in this place.
 C = Inter-level travel time spent in this place.
 D = Time resting spent in this place.
 E = Time spent auto-exploring this place.
 F = Levels seen in this place.
 G = Mean time per level.
                   A        B        C        D        E       F      G
               +--------+--------+--------+--------+--------+-----+--------+
         Total |  10956 |  10603 |    353 |    670 |   7059 |  14 |  782.6 |
       Dungeon |   9179 |   8846 |    333 |    552 |   6021 |  10 |  917.9 |
        Temple |     54 |     45 |      9 |      0 |      0 |   1 |   54.0 |
          Lair |   1148 |   1137 |     11 |      0 |    829 |   2 |  574.0 |
         Sewer |    573 |    573 |      0 |    118 |    208 |   1 |  573.0 |
               +--------+--------+--------+--------+--------+-----+--------+

Top non-repeatable levels by time:
     D:5: 1062 daAuts
     D:6: 1019 daAuts
     D:4: 996 daAuts
     D:2: 929 daAuts
     D:8: 929 daAuts
    D:10: 911 daAuts
     D:1: 909 daAuts
     D:9: 832 daAuts
     D:7: 829 daAuts
     D:3: 760 daAuts
  Lair:1: 745 daAuts
   Sewer: 573 daAuts
  Lair:2: 403 daAuts
  Temple: 54 daAuts
